Cogmind - Beta 15 @@@ ROGUE MODE // 2025.09.19 @ 19:41:53 Player: LameThyst Result: Destroyed by D-53 Grenadier with Mini Grenade Launcher Performance ------------- Evolutions (1) 500 Regions Visited (4) 800 Robots Destroyed (39) 195 Value Destroyed (860) 860 Prototype IDs (5) 100 Alien Tech Used (0) 0 Bonus (0) 0 TOTAL SCORE: 2455 Bonus ------- None Cogmind --------- Core Integrity 0/400 Matter 194/300 Energy 54/100 System Corruption 19% Temperature Cool (0) Movement Core (50) Location -9/Mines Parts ------- > --- POWER (1) -------- (None) > --- PROPULSION (3) --- (None) > --- UTILITY (3) ------ (None) > --- WEAPON (2) ------- Heavy Hammer > --- INVENTORY (5) ---- Scrap Suit Heat Sink Seismic Detector Improved Medium Laser Peak State ------------ > --- POWER ------------ Cooled Ion Engine > --- PROPULSION ------- Light Treads Light Treads Light Treads > --- UTILITY ---------- Large Storage Unit Experimental Sensor Array Seismic Detector > --- WEAPON ----------- Shock Rifle Improved Assault Rifle > --- INVENTORY -------- Cooled Ion Engine Light Treads Wheel Scrap Suit Heat Sink Seismic Detector Medium Armor Plating Medium Armor Plating System Shield Particle Gun Improved Medium Laser Light Cannon Heavy Hammer [Rating: 26] Favorites ----------- Power Ion Engine Engine Ion Engine Power Core Light Nuclear Core Propulsion Light Treads Treads Light Treads Wheel Wheel Utility Seismic Detector Device Seismic Detector Storage Medium Storage Unit Protection Light Armor Plating Weapon Light Assault Rifle Energy Gun Medium Laser Ballistic Gun Light Assault Rifle Ballistic Cannon Light Cannon Launcher EMP Blaster Impact Weapon Heavy Hammer Build | -11 -10 -10 -9 -9 ------- Run | Yrd Mat Min Mat Min Slots Evolved 2 | . . . 2 . Power . | . . . . . Propulsion 1 | . . . 1 . Utility 1 | . . . 1 . Weapon . | . . . . . Parts Attached 44 | 9 . 8 21 6 Power 8 | 2 . 1 4 1 Engine 7 | 2 . . 4 1 Core 1 | . . 1 . . Reactor . | . . . . . Propulsion 11 | 3 . 2 6 . Treads 7 | 1 . 1 5 . Leg . | . . . . . Wheel 4 | 2 . 1 1 . Hover . | . . . . . Flight . | . . . . . Utility 13 | 2 . 3 6 2 Device 5 | 1 . 1 1 2 Storage 5 | 1 . 2 2 . Processor . | . . . . . Hackware . | . . . . . Protection 3 | . . . 3 . Artifact . | . . . . . Weapon 12 | 2 . 2 5 3 Energy Gun 5 | 1 . 1 2 1 Energy Cannon . | . . . . . Ballistic Gun 3 | 1 . . 2 . Ballistic Cannon 1 | . . . . 1 Launcher 2 | . . 1 . 1 Special Weapon . | . . . . . Impact Weapon 1 | . . . 1 . Slashing Weapon . | . . . . . Piercing Weapon . | . . . . . Special Melee Weapon . | . . . . . Unidentified Prototypes 4 | . . 1 3 . Corrupted Parts 2 | . . . 1 1 System Corruption 13 | . . . 3 10 Parts Lost 22 | . . 5 2 15 Power 4 | . . 1 1 2 Propulsion 7 | . . 2 . 5 Utility 4 | . . . 1 3 Weapon 7 | . . 2 . 5 Highest Loss Streak 9 | . . 4 1 9 To Critical Strikes . | . . . . . Average Backups 8 | 5 8 8 9 9 Power . | . 1 1 . . Propulsion 1 | 3 3 1 1 . Utility 3 | . 2 2 4 4 Weapon 2 | 1 2 2 2 4 Tool/Special . | . . . . . Unused Backups 11 | 3 . 2 4 2 Power 1 | . . . 1 . Propulsion 4 | 3 . . 1 . Utility 4 | . . 2 . 2 Weapon 2 | . . . 2 . Tool/Special . | . . . . . Average Slot Usage (%) 97 | . 100 98 98 80 Engine 10 | . 14 13 9 8 Treads 21 | . 14 14 27 17 Wheel 8 | . 14 13 5 6 Device 14 | . 14 10 17 8 Storage 13 | . 14 17 11 10 Protection 2 | . . . 3 7 Energy Gun 9 | . 14 13 8 . Ballistic Gun 11 | . 14 13 10 9 Impact Weapon 1 | . . . 2 . Peak Build Rating 26 | 7 7 18 26 25 Average Rating 14 | 5 7 9 19 17 On Entrance 11 | . 7 7 18 25 Naked Turns . | . . . . . Heaviest Build 48 | 14 14 25 48 48 Greatest Support 60 | 20 16 20 60 40 Greatest Overweight (x) 4 | 1 . 1 1 4 Average Overweight (x) . | . . . . 1 Largest Inventory Capacity 15 | 8 8 10 15 15 Average Capacity 10 | 7 8 9 11 14 Most Carried 15 | 8 8 10 15 15 Average Carried 9 | 5 8 9 10 10 Final Capacity 15 | 8 8 10 15 5 Final Carried 15 | 8 8 8 15 5 Class Distribution -------------------- 70% | Mutant 29% | Scavenger-Mutant Dominant Class ---------------- Mutant | -10/Materials Mutant | -10/Mines Scavenger-Mutant | -9/Materials Mutant | -9/Mines Resources | -11 -10 -10 -9 -9 ----------- Run | Yrd Mat Min Mat Min Matter Collected 1341 | 343 3 290 573 132 Remotely . | . . . . . Salvage Created 1566 | 180 10 300 867 209 Parts 92 | 12 2 24 47 7 Haulers Intercepted 3 | . . . 3 . Recyclers Shooed 1 | . . . 1 . Parts Field Recycled . | . . . . . Retrieved Matter . | . . . . . Parts Self-Destructed . | . . . . . Prevented . | . . . . . Kills | -11 -10 -10 -9 -9 ------- Run | Yrd Mat Min Mat Min Combat Hostiles Destroyed 39 | . . 10 15 14 Guns 24 | . . 3 15 6 Cannons 2 | . . . . 2 AOE 13 | . . 7 . 6 Classes Destroyed 11 | 3 1 4 3 . Worker 1 | 1 . . . . Builder 1 | . . 1 . . Tunneler 4 | 2 . 1 1 . Hauler 3 | . . . 3 . Recycler 1 | 1 . . . . Watcher 3 | . 1 . 2 . Swarmer 8 | . . 2 3 3 Grunt 14 | . . 6 8 . Brawler 1 | . . . 1 . Sentry 3 | . . . 3 . Assembled 13 | . . 2 . 11 Best Kill Streak 12 | 1 1 4 6 12 Combat Bots Only 12 | . . 4 6 12 Max Kills in Single Turn 3 | 1 1 3 2 3 Gunslinging 1 | . . . 1 . Exploded 2 | . . 2 . 2 Melee . | . . . . . Uniques/NPCs Destroyed . | . . . . . Combat | -11 -10 -10 -9 -9 -------- Run | Yrd Mat Min Mat Min Hostile Shots Fired 183 | . . 50 63 70 Missed 42 | . . 14 13 15 Hits 141 | . . 36 50 55 Melee 14 | . . 4 3 7 Projectile 127 | . . 32 47 48 AOE 18 | . . . . 18 Critical Strikes 5 | . . 1 3 1 Damage Taken 2808 | . . 676 633 1499 Core 651 | . . 236 84 331 Absorbed by Shields . | . . . . . Regen/Repaired (Parts) 11 | . . . 11 . Core Remaining (%) 52 | 100 . 5 . . Volleys Fired 136 | 14 3 30 67 22 Largest 2 | 2 2 2 2 2 Hottest 79 | 70 70 73 79 65 Shots Fired 254 | 28 6 52 127 41 Gun 230 | 28 6 48 127 21 Cannon 10 | . . . . 10 Launcher 14 | . . 4 . 10 Special . | . . . . . Kinetic 140 | 14 3 27 67 29 Thermal 44 | 14 3 3 22 2 Explosive 4 | . . 4 . . Electromagnetic 66 | . . 18 38 10 Robot Hit Streak 14 | 6 3 5 14 6 Robot Miss Streak 3 | 2 2 2 3 2 Penetration Max . | . . . . . Secondary Targets 3 | . . . 3 . Max Gunslinging Chain 1 | . . . 1 . Shots Hit Robots 165 | 18 3 36 80 28 Core Hits 85 | 7 1 22 31 24 Critical Kills . | . . . . . Critical Parts Destroyed 2 | . . 1 1 . Critical Strikes 4 | . 1 1 2 . Burn 2 | . 1 . 1 . Destroy 2 | . . 1 1 . Melee Attacks 5 | . . . 5 . Impact 5 | . . . 5 . Slashing . | . . . . . Piercing . | . . . . . Sneak Attacks . | . . . . . Combat Hostiles . | . . . . . Follow-up Attacks . | . . . . . Damage Inflicted 2801 | 183 35 771 1197 615 Guns 1988 | 183 35 336 1189 245 Cannons 103 | . . . . 103 Explosions 702 | . . 435 . 267 Melee . | . . . . . Ramming 8 | . . . 8 . Kinetic 987 | 59 10 142 460 316 Thermal 470 | 124 25 83 189 49 Explosive 378 | . . 378 . . Electromagnetic 958 | . . 168 540 250 Impact . | . . . . . Slashing . | . . . . . Piercing . | . . . . . Highest Corruption 19 | . . . 8 19 Average Corruption 10 | . . . 7 15 Corruption Purged . | . . . . . Corruption Blocked . | . . . . . Effects 13 | . . . 6 7 Message Errors 3 | . . . 2 1 Matter Fused 4 | . . . 1 3 Heat Flow Errors 2 | . . . . 2 Energy Discharges 1 | . . . 1 . Parts Rejected 1 | . . . . 1 Data Loss (minor) 2 | . . . 2 . Overload Shots . | . . . . . Overflow Damage 58 | . . 36 . 22 Projectiles . | . . . . . Explosions 58 | . . 36 . 22 Melee . | . . . . . Knockbacks 6 | . . . . 6 Impact . | . . . . . Kinetic 3 | . . . . 3 Secondary 3 | . . . . 3 Self-Inflicted Damage 325 | . . 169 4 152 Shots 13 | . . 4 . 9 Rammed 1 | . . . 1 . Targets Rammed 1 | . . . 1 . Kicked . | . . . . . Crushed . | . . . . . Highest Temperature 161 | 110 40 112 94 161 Average Temperature 29 | 39 21 31 23 57 Received Heat Transfer 480 | . . 216 264 . Siege Activations . | . . . . . Martial Activations . | . . . . . Shielding Activations . | . . . . . Robots Disrupted . | . . . . . Combat Hostiles . | . . . . . Robots Corrupted . | . . . . . Combat Hostiles . | . . . . . Parts Fried . | . . . . . Impact Corruptions . | . . . . . Robots Melted . | . . . . . Combat Hostiles . | . . . . . Parts Melted 1 | . . . 1 . Heat Transferred 1321 | 370 148 174 555 74 Parts Sabotaged . | . . . . . Parts Stolen . | . . . . . Parts Stripped . | . . . . . Power Chain Reactions 3 | . . 1 . 2 Alert | -11 -10 -10 -9 -9 ------- Run | Yrd Mat Min Mat Min Maximum Alert Level . | . . . . . Low Security (%) 100 | 100 100 100 100 100 Level 1 . | . . . . . Level 2 . | . . . . . Level 3 . | . . . . . Level 4 . | . . . . . Level 5 . | . . . . . High Security . | . . . . . Max Security . | . . . . . Peak Influence 174 | 5 7 102 174 131 Initial 58 | . . 1 37 58 Average 33 | 1 1 18 46 51 Influence Increases 845 | 20 22 259 469 75 Destroy 0b10 Robot/C 520 | . . 160 300 60 Destroy 0b10 Robot/NC 65 | 20 5 10 30 . Destroy Leader 132 | . 2 30 90 10 Successful Hack 27 | . . . 27 . Destroy Structure 41 | . . 29 7 5 Partial Spotted 15 | . . . 15 . Lose Combat Pursuer 45 | . 15 30 . . Influence Decreases 845 | 20 17 169 413 226 Entered New Map 155 | . . 4 58 93 Time Decay 547 | 20 17 115 335 60 Lost Part 143 | . . 50 20 73 Squads Dispatched 4 | . 2 . 2 . Investigation 2 | . 1 . 1 . Extermination . | . . . . . Reinforcement 2 | . 1 . 1 . Assault . | . . . . . Garrison . | . . . . . Intercept . | . . . . . Searches Triggered . | . . . . . Construction Impeded . | . . . . . Haulers Reinforced . | . . . . . Active Scanning Responses . | . . . . . Cargo Convoy Interrupts . | . . . . . Stealth | -11 -10 -10 -9 -9 --------- Run | Yrd Mat Min Mat Min Distress Signals 3 | . 1 . 2 . Communications Jammed . | . . . . . Distress Signals . | . . . . . Times Spotted 77 | . 4 13 37 23 Peak Tracking Total 14 | . 2 7 5 14 Tactical Retreats 6 | . 1 3 . 2 Traps | -11 -10 -10 -9 -9 ------- Run | Yrd Mat Min Mat Min Traps Triggered 1 | . . . 1 . Indirectly . | . . . . . Trap Hack Attempts . | . . . . . Triggered . | . . . . . Disarmed . | . . . . . Reprogrammed . | . . . . . Reused . | . . . . . Traps Extracted . | . . . . . Installed . | . . . . . Triggered . | . . . . . Machines | -11 -10 -10 -9 -9 ---------- Run | Yrd Mat Min Mat Min Machines Disabled . | . . . . . Max in Single Turn . | . . . . . Machines Repaired . | . . . . . Machines Dismantled . | . . . . . Machines Sabotaged . | . . . . . Overloaded Fab Kills . | . . . . . Hacking | -11 -10 -10 -9 -9 --------- Run | Yrd Mat Min Mat Min Machines Accessed 8 | . 2 . 6 . Terminals 7 | . 2 . 5 . Fabricators . | . . . . . Repair Stations 1 | . . . 1 . Recycling Units . | . . . . . Scanalyzers . | . . . . . Garrison Access . | . . . . . Total Hacks 32 | . 5 . 27 . Successful 14 | . 1 . 13 . Failed 18 | . 4 . 14 . Catastrophic 3 | . . . 3 . Database Lockouts . | . . . . . Manual 24 | . 5 . 19 . Terminals 30 | . 5 . 25 . Fabricators . | . . . . . Repair Stations 2 | . . . 2 . Recycling Units . | . . . . . Scanalyzers . | . . . . . Garrison Access . | . . . . . Terminal Hacks 3 | . . . 3 . Robot Analysis 1 | . . . 1 . Prototype ID Bank 1 | . . . 1 . Locate Traps 1 | . . . 1 . Fabricator Hacks . | . . . . . Repair Station Hacks 2 | . . . 2 . Scan Component 1 | . . . 1 . Repair 1 | . . . 1 . Recycling Unit Hacks . | . . . . . Scanalyzer . | . . . . . Garrison Access Hacks . | . . . . . Unauthorized Hacks 9 | . 1 . 8 . Terminals 9 | . 1 . 8 . Botnet 3 | . . . 3 . Skim 6 | . 1 . 5 . Fabricators . | . . . . . Repair Stations . | . . . . . Recycling Units . | . . . . . Scanalyzers . | . . . . . Garrison Access . | . . . . . Data Cores Recovered . | . . . . . Used . | . . . . . Hacking Detections 8 | . 2 . 6 . Full Trace Events 1 | . 1 . . . Feedback Events . | . . . . . Feedback Blocked . | . . . . . Robot Schematics Acquired . | . . . . . Robots Built . | . . . . . Authchips . | . . . . . Time . | . . . . . Total Robot Build Rating . | . . . . . Part Schematics Acquired . | . . . . . Parts Built . | . . . . . Authchips . | . . . . . Time . | . . . . . Total Part Build Rating . | . . . . . Parts Repaired 1 | . . . 1 . Time 108 | . . . 108 . Parts Recycled . | . . . . . Recycled Matter . | . . . . . Retrieved Matter . | . . . . . Retrieved Components . | . . . . . Parts Scanalyzed . | . . . . . Part Schematics Acquired . | . . . . . Parts Damaged . | . . . . . Bothacking | -11 -10 -10 -9 -9 ------------ Run | Yrd Mat Min Mat Min Used RIF Installer . | . . . . . Robots Hacked . | . . . . . Non-combat . | . . . . . Combat . | . . . . . Robot Hacks Applied . | . . . . . Relay Couplers Released . | . . . . . Fabnet Peak Effective % . | . . . . . Robots Rewired . | . . . . . Allies Hacked . | . . . . . Hacks Repelled . | . . . . . Allies | -11 -10 -10 -9 -9 -------- Run | Yrd Mat Min Mat Min Total Allies . | . . . . . Largest Group . | . . . . . Highest-Rated Group . | . . . . . Highest-Rated Ally . | . . . . . Total Orders . | . . . . . Ally Attacks . | . . . . . Total Damage . | . . . . . Kills . | . . . . . Allies Corrupted . | . . . . . Allies Melted . | . . . . . Intel | -11 -10 -10 -9 -9 ------- Run | Yrd Mat Min Mat Min Active Infowar (turns) 2148 | 65 100 644 1267 72 Sensors 1134 | . . 128 945 61 Seismic 2011 | 65 100 516 1263 67 Robot Analysis Total 1 | . . . 1 . Derelict Logs Recovered 2 | . . 2 . . Drone Launches . | . . . . . Drone Recoveries . | . . . . . Exploration | -11 -10 -10 -9 -9 ------------- Run | Yrd Mat Min Mat Min Turns Passed 2751 | 194 100 843 1461 153 Spaces Moved 1421 | 110 78 513 674 46 Core 8 | 1 . . . 7 Treads 601 | 41 . 64 479 17 Legs . | . . . . . Wheels 812 | 68 78 449 195 22 Hover . | . . . . . Flight . | . . . . . Fastest Speed 50 | 50 100 95 80 50 Average Speed 131 | 117 100 121 142 152 Slowest Speed 320 | 160 100 240 240 320 Overloaded Moves . | . . . . . Propulsion Burnouts . | . . . . . Robots Hopped . | . . . . . Potential Cave-ins . | . . . . . Cave-ins Triggered . | . . . . . Exploration Rate (%) 31 | 4 17 78 40 18 Regions Visited 4 Branch Regions 2 Pre-discovered Areas 2 | . . 1 1 . Known Exits Taken . | . . . . . Unknown Exits Taken 4 | 1 1 1 1 . Scrap Searched 4 | . . 3 . 1 Spaces Dug 5 | . . . 5 . Terrain Destroyed 42 | . . 31 5 6 Melee 5 | . . . 5 . Projectile . | . . . . . AOE 37 | . . 31 . 6 Terrain Rammed . | . . . . . Walls Destroyed . | . . . . . Machines Disabled . | . . . . . Actions | -11 -10 -10 -9 -9 --------- Run | Yrd Mat Min Mat Min Total 2058 | 146 94 688 1044 86 Wait 351 | . 14 119 218 . Move 1417 | 109 77 512 673 46 Hop . | . . . . . Pick Up 40 | 11 . 9 20 . Fast Attach 12 | 6 . . 5 1 Attach 21 | 1 . 5 5 10 Detach 2 | . . . . 2 Swap 42 | 2 . 7 29 4 Drop 31 | 3 . 6 21 1 Fire 136 | 14 3 30 67 22 Melee 5 | . . . 5 . Ram 1 | . . . 1 . Kick . | . . . . . Crush . | . . . . . Escape Stasis . | . . . . . Rewire . | . . . . . Trap . | . . . . . Miscellaneous . | . . . . . Route ------- -11/Scrapyard -10/Materials -10/Mines (discovered 2 exits: *Mat x2) -9/Materials (discovered 3 exits: [*Mat] / [*Min x2]) -9/Mines History --------- Turn | Location | Event 15 | -11/Scrapyard | Discovered new exit (range 15) 195 | -11/Scrapyard | Entered Materials 287 | -10/Materials | Discovered new exit (range 9) 295 | -10/Materials | Entered Mines 302 | -10/Mines | Received a Rocket Launcher from a helpful Derelict 328 | -10/Mines | Build established: Mutant 448 | -10/Mines | Learned location of Zion (-6) 673 | -10/Mines | Learned 2 Materials zone layouts 703 | -10/Mines | Found a Scrap Suit stashed away for nefarious purposes 707 | -10/Mines | Found Scrap Suit 777 | -10/Mines | Discovered new exit (range 6) 798 | -10/Mines | Found a damaged Exp. Sensor Array with a note attached 801 | -10/Mines | Found Prototype Device 811 | -10/Mines | Identified Exp. Sensor Array 1036 | -10/Mines | Excavation squad dispatched 1036 | -10/Mines | A large section of the Mines collapsed 1049 | -10/Mines | Core integrity fell below 50% 1086 | -10/Mines | Core integrity fell below 20% 1124 | -10/Mines | Discovered new exit (range 11) 1126 | -10/Mines | Lost 4 parts (1p1n2w) 1138 | -10/Mines | Entered Materials 1138 | -9/Materials | Evolved 2 slots: Propulsion x1, Utility x1 1244 | -9/Materials | Discovered new exit (range 15) 1542 | -9/Materials | Discovered new exit (range 11) 1601 | -9/Materials | Build established: Scavenger-Mutant 2288 | -9/Materials | Repaired Exp. Sensor Array 2448 | -9/Materials | Discovered new exit (range 12) 2505 | -9/Materials | Loaded intel: 10 trap records 2535 | -9/Materials | Learned Storage trap positions 2564 | -9/Materials | Learned 2 Materials zone layouts 2568 | -9/Materials | Learned Storage emergency access door positions 2581 | -9/Materials | Learned Storage stockpile data 2599 | -9/Materials | Entered Mines 2600 | -9/Mines | Assembled infested the area 2654 | -9/Mines | System corruption reached 10% 2668 | -9/Mines | Destroyed 12 combat bots 2688 | -9/Mines | Lost 6 parts (1p2n2u1w) 2692 | -9/Mines | Build established: Mutant 2738 | -9/Mines | Core integrity fell below 50% 2748 | -9/Mines | Core integrity fell below 20% 2752 | -9/Mines | Destroyed by D-53 Grenadier with Mini Grenade Launcher Last Messages --------------- 02699_ Found 39 Matter. 02700_ Acquired 39 matter. 02725_ System corrupted: Heat flow error (+139). 02731_ U-05 Engineer lays Concrete. 02733_ Imp. Assault Rifle destroyed. 02735_ Lgt. Treads destroyed. 02735_ Wheel destroyed. 02739_ Lgt. Cannon destroyed. 02739_ Med. Armor Plating destroyed. 02739_ Lgt. Treads destroyed. 02740_ The unstable cave ceiling collapses. 02741_ Shock Rifle destroyed. 02742_ System corrupted: Matter fused (-6). 02742_ The unstable cave ceiling collapses. 02743_ Cld. Ion Engine destroyed. 02745_ The unstable cave ceiling collapses. 02745_ Particle Gun destroyed. 02747_ The unstable cave ceiling collapses. 02748_ Dropped Lrg. Storage Unit. 02749_ The unstable cave ceiling collapses. Map ----- +----------------------------------------------------+ | ?????????????##????????????????????????? | | ????????##### ###??????????????????????? | | ???????##"# # "##?????????????????????? | | ???????# % [ #?????????????????????? | | ???????# #?????????????????????? | | ???????# #?????????????????????? | | ???????# % #?????????????????????? | | ???????# #?????????????????????? | | ?????### #?????????????????????? | | ?????#"#### ######?????????????????????? | | ????## #?# #??????????????????????????? | | ????# " ### #############??????????????? | | ???## ## [ ! #??????????????? | | ???# # ########### #??????????????? | | ???# #??????????????????????????? | | ????# ## #??????????????????????????? | | ????## ### #??????????????????????????? | | ?????# ### #??????????????????????????? | | ????## ### #####???????????????????????? | | ????# # # ####????????##??????????? | | ????# ####??? #??????????? | | ???## # # #? ?????????? | | ??## ??????????? | | ??# ##% #?????????????? | | ???# ! d #??????????????? | | ??# @ d #???????????????? | | ??# ## #???????????????? | | ??## ###????????????????????? | | ???# ?????????????????????? | | ???### # = ## # ????????????????????? | | ?????#### ! ##? ? ???????????????????? | | ???????# ##??## ? ??????????????????? | | ?????? #????? ?#?????????????????? | | ????? #??????##??????????????????? | | ???? """ #??????????????????????????? | | ??? """ ##??????????????????????????? | | ??? ??"" #???????????????????????????? | | ???????? ##???????????????????????????? | | ???????? ?????????????????????????????? | | ????????##?????????????????????????????? | | ???????????????????????????????????????? | | ???????????????????????????????????????? | | ???????????????????????????????????????? | | ???????????????????????????????????????? | | ???????????????????????????????????????? | | ???????????????????????????????????????? | | ???????????????????????????????????????? | | ???????????????????????????????????????? | | ???????????????????????????????????????? | | ???????????????????????????????????????? | +----------------------------------------------------+ Best States ------------- Heat Dissipation 38 Energy Generation 14 Energy Capacity 280 Matter Stores 500 Matter Capacity 500 Sight Range 16 Robot Scan Range 20 Terrain Scan Density 10 Armor Coverage 450 Evasion (%) 50 Recoil Reduction 3 Item Schematics ----------------- None Robot Schematics ------------------ None Fabricated ------------ Nothing Repaired ---------- Exp. Sensor Array | 62% | -9/Materials Alien Tech Used ----------------- None Achievements -------------- None Challenges ------------ None Game ------ Seed ContainmentColdStreamer Manual? 0 Play Time 00:32:45 Cumulative 128.1 hours Start 2025.09.06 @ 01:22:02 End 2025.09.19 @ 19:41:53 Sessions 2 Manual Loads 0 Difficulty Rogue Special Mode None Game No. 142 Rogue 142 Adventurer 0 Explorer 0 Win Type - Total 0 Types 0/0/0/0/0/0/0/0/0/0 Lore% 62 Gallery% 46 Achievement% 37 Wizard Run 0 Options --------- Layout 1 ASCII 0 Keyboard 0 Movement Mouse Keybinds 0 Fullscreen 2 Font 48/Smallcaps Map View 50x35 Zoom Use 0% Tactical HUD 1 Map Filters NONE Filters NONE Steam 0 RUN: eb203c72-4704-4260-9cb5-4218e2735b61